 Dungeon Crawl Stone Soup version 0.20-a0-853-gabbfcfc (webtiles) character file.

5246 RKaid the Grappler (level 10, -3/104 HPs)
             Began as a Troll Monk on Mar 11, 2017.
             Was an Elder of Yredelemnul.
             Slain by a deep troll (17 damage)
             ... on level 9 of the Dungeon.
             The game lasted 00:18:19 (7808 turns).

RKaid the Grappler (Troll Monk)                     Turns: 7808, Time: 00:18:20

Health: -3/104     AC:  6    Str: 24    XL:     10   Next: 36%
Magic:  11/11      EV: 15    Int:  6    God:    Yredelemnul [****..]
Gold:   862        SH:  0    Dex: 18    Spells: 8/9 levels left

rFire    . . .     SeeInvis .     - Unarmed
rCold    . . .     Gourm    +   a - +0 robe
rNeg     . . .     Faith    .   (no shield)
rPois    .         Spirit   .   (helmet restricted)
rElec    .         Reflect  .   k - +0 cloak
rCorr    .         Harm     .   (gloves unavailable)
MR       .....                  (boots unavailable)
Stlth    ++........             C - amulet of regeneration {+regen}
Regen    1.1/turn               g - +6 ring of dexterity
MPRegen  0.2/turn               u - +4 ring of evasion

@: no status effects
A: unfitting armour, claws 3, fast metabolism 3, gourmand, regeneration 1,
shaggy fur 1, tough skin 2
a: Recall Undead Slaves, Injury Mirror, Animate Dead, Drain Life, Renounce
Religion


You were on level 9 of the Dungeon.
You worshipped Yredelemnul.
Yredelemnul was greatly pleased with you.
You were completely stuffed.

You visited 2 branches of the dungeon, and saw 10 of its levels.
You also visited: Ossuary.

You collected 928 gold pieces.
You spent 66 gold pieces at shops.

Inventory:

Armour
 a - a +0 robe (worn)
 k - a +0 cloak (worn)
   (You took it off Crazy Yiuf on level 5 of the Dungeon)
Jewellery
 g - a +6 ring of dexterity (right claw)
   (You found it on level 1 of the Dungeon)
 o - a +2 ring of evasion
   (You found it on level 3 of the Dungeon)
 u - a +4 ring of evasion (left claw)
   (You found it on level 5 of the Dungeon)
 w - an uncursed ring of poison resistance {rPois}
   (You found it on level 5 of the Dungeon)
 C - an amulet of regeneration (around neck) {+regen}
   (You found it on level 6 of the Dungeon)
 F - an uncursed ring of positive energy {rN+}
   (You found it on level 9 of the Dungeon)
Wands
 f - a wand of polymorph (10/24)
   (You took it off Edmund on level 5 of the Dungeon)
 D - a wand of iceblast (8/15)
   (You found it on level 8 of the Dungeon)
Scrolls
 e - a scroll of enchant armour {unknown}
 l - 3 scrolls of remove curse
 m - 3 scrolls of recharging
 n - a scroll of fear {unknown}
 q - 4 scrolls of teleportation
 y - 2 scrolls of immolation {unknown}
 B - 3 scrolls of magic mapping {!r}
 E - a scroll of blinking {!r}
Potions
 c - 6 potions of curing
 d - 3 potions of lignification {!q}
 h - 5 potions of mutation {!q}
 s - 4 potions of heal wounds
 x - 3 potions of brilliance
 A - a potion of haste
Books
 i - Sif Muna's Disquisition on Summoning
   (You found it on level 8 of the Dungeon)

   Spells                             Type                      Level
   a - Summon Butterflies             Summoning                    1
 r - a book of Air
   (You found it on level 5 of the Dungeon)
 t - a book of Flames
   (You found it on level 4 of the Dungeon)
Comestibles
 b - 8 bread rations
 j - 4 royal jellies
 p - 4 meat rations
 v - 3 fruits
 z - 5 chunks of flesh


   Skills:
 + Level 7.7 Fighting
 - Level 2.4 Dodging
 - Level 1.0 Stealth
 * Level 12.1 Unarmed Combat
 + Level 3.6 Invocations


You had 8 spell levels left.
You knew the following spells:

 Your Spells              Type           Power        Failure   Level  Hunger
B - Summon Butterflies    Summ           #.......     52%         1    ##.....


Dungeon Overview and Level Annotations

Branches:
Dungeon (9/15)             Temple (1/1) D:7            Lair (0/6) D:8
    Orc: D:9-12

Altars:
Ashenzari
Cheibriados
Dithmenos
Elyvilon
Fedhas
Gozag
Hepliaklqana
Kikubaaqudgha
Makhleb
Nemelex Xobeh
Okawaru
Qazlal
Ru
Sif Muna
Trog
Uskayaw
Vehumet
Wu Jian
Xom
Yredelemnul
Zin
The Shining One
Lugonu

Shops:
D:8 ?*


Innate Abilities, Weirdness & Mutations

You are too large for most types of armour.
You have claws for hands.
Your metabolism is lightning-fast.
You like to eat raw meat.
Your natural rate of healing is unusually fast.
You are covered in fur. (AC +1)
You have very tough skin. (AC +2)


Message History

You feel clumsy.
F - a ring of positive energy (right claw) Put on which piece of jewellery? (? for menu, Esc to quit)
You're wearing all the rings you can.
Remove which one? (? for menu, Esc to cancel) < or
u - a +4 ring of evasion > or
F - a ring of positive energy {rN+} You remove your ring of positive energy {rN+}.
You feel agile.
g - a +6 ring of dexterity (right claw) Eating one of 11 chunks of flesh.
You eat one of the 11 chunks of flesh.
This raw flesh tastes great.
You swap places.
Some of the chunks of flesh in your inventory have rotted away.
Found a stone staircase leading up.
b - 8 bread rations (gained 1)
There is a stone staircase leading up here.
p - 4 meat rations (gained 1)
You swap places.
G - a scroll of amnesia You swap places.
You swap places.
A sky beast comes into view.
A sky beast is nearby!
You drop a scroll of amnesia.
Some of the chunks of flesh in your inventory have rotted away.
The sky beast hits you. The sky beast shocks you.
You scratch the sky beast. You barely miss the sky beast.
Your flying skull closely misses the sky beast.
The sky beast hits you but does no damage.
You closely miss the sky beast.
Your flying skull barely misses the sky beast.
The sky beast hits you but does no damage.
You mangle the sky beast!!
You kill the sky beast!
Yredelemnul accepts your kill.
You now have 862 gold pieces (gained 8).
Found a shimmering altar of Xom and a glowing silver altar of Zin.
Found a stone staircase leading down.
A yak comes into view.
You see here 3 scrolls of remove curse.
The yak bellows!
You mangle the yak!! The yak gores you!
You claw the yak! The yak gores you!
Your flying skull hits the yak!
Your flying skull completely misses the yak.
You completely miss the yak. You claw the yak, but do no damage.
Your flying skull hits the yak but does no damage.
The yak completely misses your flying skull.
Your flying skull closely misses the yak.
You mangle the yak!!
You kill the yak!
Yredelemnul accepts your kill.
You see here a yak corpse.
You butcher the yak corpse.
z - 6 chunks of flesh (gained 4)
You start resting.
Eating one of 6 chunks of flesh.
You eat one of the 6 chunks of flesh.
This raw flesh tastes great.
You open the door. 4 trolls and a deep troll come into view.
The troll shouts! x2; The deep troll shouts!
You mangle the troll!!
Your flying skull barely misses the troll.
You scratch the troll.
Your flying skull hits the troll but does no damage.
The troll closely misses your flying skull.
The troll claws your flying skull but does no damage.
The troll closely misses your flying skull.
Your flying skull hits the troll.
You catch the helpless troll completely off-guard!
You claw the troll!
You kill the troll!
Yredelemnul accepts your kill.
The troll leather armour is intact enough to wear.
The troll barely misses your flying skull.
The troll claws your flying skull!
The troll claws your flying skull but does no damage.
The deep troll bites your flying skull!!
Your flying skull is destroyed!
You swap places.
The troll completely misses you. The troll claws you.
The troll closely misses you.
The deep troll bites you but does no damage.
The deep troll barely misses you. The deep troll claws you!
There is an open door, spattered with blood here.
Things that are here:
a +0 troll leather armour {regen}; a troll corpse You mangle the deep troll!!
The troll bites you. The troll closely misses you. The troll claws you.
The deep troll bites you!!
The deep troll claws you but does no damage.
The deep troll claws you.
You barely miss the deep troll. You claw the deep troll. The troll bites you!!
The troll claws you!
* * * LOW HITPOINT WARNING * * *
The troll claws you.
* * * LOW HITPOINT WARNING * * *
The deep troll closely misses you. The deep troll claws you!
* * * LOW HITPOINT WARNING * * *
The deep troll claws you!
You die...
Your body rises from the dead as a mindless zombie.

####........≈≈≈≈≈≈
##...........≈≈≈≈≈≈
.........)...≈≈≈≈≈≈
#..###.......≈≈≈≈≈≈≈.......#
#.####.......≈≈####≈.......#
.............≈≈#/.#≈.......#
.##........).≈≈#TT#≈......#
..#.#.#......≈≈#TT#≈.....#
....#.#......≈≈#@##≈.....#
......#......≈≈≈z≈≈≈.....#
.(...##..................#
....###...(..≈≈≈.≈≈≈....##
...(###......≈##+#≈≈....######
.............≈# #≈≈....>....#
. .............≈#
#≈≈.........###.
.............≈#
#≈≈.....?.......
...##..#.....≈
#≈≈.............


You could see a deep troll, 3 trolls and a friendly flying skull.

Vanquished Creatures
  Pikel (D:7)
  A troll (D:9)
  A hippogriff (D:9)
  2 yaks (D:9)
  A hungry ghost (D:7)
  Edmund (D:5)
  Duvessa (D:5)
  An orc warrior (D:8)
  4 sky beasts
  An ice beast (D:7)
  A black bear (D:6)
  2 ogres
  2 necrophages (D:5)
  2 centaurs
  An elf zombie (Ossuary)
  2 big kobolds
  3 bullfrogs
  Dowan (D:5)
  4 scorpions
  5 crimson imps
  A centaur zombie (Ossuary)
  10 hounds
  An orc priest (D:4)
  2 bullfrog skeletons (D:6)
  Jessica (D:2)
  Crazy Yiuf (D:5)
  7 orc wizards
  5 worker ants
  A big kobold zombie (Ossuary)
  A hound skeleton (D:7)
  2 mummies (Ossuary)
  2 worker ant zombies
  5 adders
  An ooze (D:4)
  An adder skeleton (D:7)
  A worm (D:3)
  2 dart slugs (D:1)
  6 leopard geckos
  14 orcs
  A ball python (D:4)
  6 bats
  2 giant cockroaches
  A gnoll zombie (Ossuary)
  9 goblins
  9 hobgoblins
  3 jackals (D:4)
  34 kobolds
  5 quokkas
  3 frilled lizards
  2 goblin zombies (Ossuary)
  2 hobgoblin zombies (Ossuary)
  A leopard gecko skeleton (D:6)
  6 orc zombies (Ossuary)
  3 rats
  A fungus (D:2)
189 creatures vanquished.

Vanquished Creatures (collateral kills)
  A hippogriff (D:7)
  A yak (D:9)
  A steam dragon (D:8)
  3 slaves (D:7)
  2 phantoms
  An orc warrior (D:7)
  2 ogres
  A crocodile (D:8)
  2 bullfrogs
  2 electric eels (D:9)
  An orc wizard (D:8)
  An orc (D:8)
  2 kobolds (D:9)
  3 fungi (D:8)
23 creatures vanquished.

Vanquished Creatures (others)
  A flying skull (D:9)
  A quokka (D:5)
  3 plants (D:2)
5 creatures vanquished.

Grand Total: 217 creatures vanquished

Notes
Turn   | Place    | Note
-------+----------+-------------------------------------------
     0 | D:1      | RKaid the Troll Monk began the quest for the Orb.
     0 | D:1      | Reached XP level 1. HP: 22/22 MP: 0/0
   117 | D:1      | Reached XP level 2. HP: 29/29 MP: 1/1
   701 | D:2      | Noticed Jessica
   718 | D:2      | Reached skill level 3 in Fighting
   732 | D:2      | Killed Jessica
   732 | D:2      | Reached XP level 3. HP: 37/37 MP: 2/2
   931 | D:2      | Reached skill level 4 in Unarmed Combat
  1047 | D:2      | Reached XP level 4. HP: 45/45 MP: 3/3
  1416 | D:2      | Found a hazy altar of Hepliaklqana.
  1963 | D:3      | Found a blossoming altar of Fedhas.
  2344 | D:3      | Found a stormy altar of Qazlal.
  2655 | D:4      | Reached XP level 5. HP: 49/53 MP: 4/4
  2697 | D:4      | Reached skill level 5 in Unarmed Combat
  2888 | D:4      | Found a burning altar of Makhleb.
  3062 | D:4      | Reached XP level 6. HP: 56/62 MP: 5/5
  3283 | D:5      | Entered Level 5 of the Dungeon
  3291 | D:5      | Reached skill level 4 in Fighting
  3291 | D:5      | Reached skill level 6 in Unarmed Combat
  3373 | D:5      | Found a white marble altar of Elyvilon.
  3374 | D:5      | Noticed Edmund
  3399 | D:5      | Killed Edmund
  3480 | D:5      | Found a basalt altar of Yredelemnul.
  3490 | D:5      | Became a worshipper of Yredelemnul the Dark
  3490 | D:5      | Reached * piety under Yredelemnul
  3490 | D:5      | Reached ** piety under Yredelemnul
  3510 | D:5      | Reached XP level 7. HP: 28/71 MP: 6/6
  3594 | D:5      | Found a runed door.
  3650 | D:5      | Reached skill level 7 in Unarmed Combat
  3724 | D:5      | Noticed Duvessa
  3728 | D:5      | Noticed Dowan
  3732 | D:5      | Killed Duvessa
  3734 | D:5      | Killed Dowan
  3763 | D:5      | Reached skill level 5 in Fighting
  3767 | D:5      | Reached skill level 8 in Unarmed Combat
  3767 | D:5      | Reached XP level 8. HP: 80/80 MP: 7/7
  4635 | D:5      | Noticed Crazy Yiuf
  4637 | D:5      | Killed Crazy Yiuf
  4699 | D:6      | Found a shattered altar of Ashenzari.
  4802 | D:6      | Reached skill level 9 in Unarmed Combat
  5019 | D:6      | Reached skill level 6 in Fighting
  5062 | D:6      | Reached *** piety under Yredelemnul
  5079 | D:6      | Received a gift from Yredelemnul (a wight)
  5180 | D:6      | Found an iron altar of Okawaru.
  5491 | D:7      | Reached skill level 10 in Unarmed Combat
  5491 | D:7      | Reached XP level 9. HP: 90/91 MP: 8/8
  5692 | D:7      | Received a gift from Yredelemnul (2 flying skulls)
  5774 | D:7      | Found a staircase to the Ecumenical Temple.
  5796 | Temple   | Entered the Ecumenical Temple
  5850 | D:7      | Noticed Pikel
  5859 | D:7      | Killed Pikel
  5859 | D:7      | Reached skill level 11 in Unarmed Combat
  5859 | D:7      | Reached skill level 1 in Invocations
  5859 | D:7      | Reached skill level 7 in Fighting
  5940 | D:7      | Found an ornate altar of the Wu Jian Council.
  5988 | D:7      | Found a shadowy altar of Dithmenos.
  6058 | D:8      | Found Cazxoegi's Changing Room.
  6154 | D:8      | Found Bonorid's Magic Scroll Shop.
  6159 | D:8      | Reached skill level 2 in Invocations
  6178 | D:8      | Found an opulent altar of Gozag.
  6207 | D:8      | Bought a scroll of identify for 22 gold pieces
  6207 | D:8      | Bought a scroll of identify for 22 gold pieces
  6209 | D:8      | Bought a scroll of identify for 22 gold pieces
  6382 | D:8      | Found a sacrificial altar of Ru.
  6500 | D:8      | Found a sand-covered staircase.
  6505 | Ossuary  | Entered an ossuary
  6536 | Ossuary  | Received a gift from Yredelemnul (a mummy)
  6783 | D:8      | Found an ancient bone altar of Kikubaaqudgha.
  6795 | D:8      | Found a radiant altar of Vehumet.
  6811 | D:8      | Found a deep blue altar of Sif Muna.
  6813 | D:8      | Reached XP level 10. HP: 102/102 MP: 9/11
  6826 | D:8      | Identified Sif Muna's Disquisition on Summoning
  6830 | D:8      | Learned a level 1 spell: Summon Butterflies
  7232 | D:8      | Found a staircase to the Lair.
  7239 | D:8      | Reached skill level 3 in Invocations
  7481 | D:9      | Reached **** piety under Yredelemnul
  7481 | D:9      | Reached skill level 12 in Unarmed Combat
  7752 | D:9      | Found a shimmering altar of Xom.
  7752 | D:9      | Found a glowing silver altar of Zin.
  7752 | D:9      | Noticed an angel
  7802 | D:9      | Noticed a deep troll
  7808 | D:9      | HP: 14/104 [deep troll (14)]
  7808 | D:9      | Slain by a deep troll

Vault maps used:
D:1:      erik_arrival_blinker_ship, grunt_decor_one_mirror
D:2:      marbit_many_paths, minmay_gold_behind_fungi, kennysheep_minor_cross,
          glass_columns_b, small_statue_intersection, lexackson_kobold_supper,
          uniq_jessica
D:3:      lemuel_doored_altar, fedhas_altar_2, first_bread
D:4:      nicolae_overflow_crystal_walls, st_stairs_9, hex_intersection
D:5:      kennysheep_kobold_camp, elyvilon_altar_4, yredelemnul_altar_generic,
          uniq_edmund, uniq_crazy_yiuf_cottage, uniq_duvessa
D:6:      ashenzari_conservatory_becter, okawaru_metal_pillars_1_2
D:7:      nicolae_overflow_hidden_temple, grunt_dithmenos_shadows,
          minmay_temple_entry_trees, grunt_decor_mini_mirrors, uniq_pikel
D:8:      nicolae_whirlpool, palyth_temple_overflow_mages,
          nicolae_ru_sacrificial_ziggurat, grunt_gozag_breadcrumbs,
          grunt_lair_entry_orc_guard_hut, nicolae_ossuary_entry_plus,
          serial_shops, shop_fountains, nicolae_transmutations_shop
D:9:      lemuel_troll_bridge, grunt_temple_overflow_order_and_chaos_1
Temple:   corrupted_temple
Ossuary:  minmay_ossuary_gauntlet

Skill      XL: |  1  2  3  4  5  6  7  8  9 10 |
---------------+-------------------------------+-----
Fighting       | 3 4 5 6 7 |  7.7
Unarmed Combat | 4 5 6 8 10 11 12 | 12.1
Invocations    | 2 3 |  3.6
Dodging        | |  2.4
Stealth        | |  1.0

Action                   |  1- 3 |  4- 6 |  7- 9 | 10-12 || total
-------------------------+-------+-------+-------+-------++-------
Melee: Unarmed           |    69 |   119 |   266 |    53 ||   507
       Punch             |     1 |     2 |    13 |     3 ||    19
Invok: Recall Undead Sla |       |       |     1 |       ||     1
  Use: Scroll            |       |    12 |     6 |       ||    18
 Stab: Sleeping          |     2 |       |     5 |       ||     7
       Distracted        |       |       |       |     2 ||     2
  Eat: Chunk             |    15 |    22 |    26 |    16 ||    79
Armor: Robe              |    19 |    21 |    51 |    10 ||   101
       Skin              |       |     3 |       |       ||     3
Dodge: Dodged            |    28 |    57 |   147 |    35 ||   267

Table legend:
 A = Turns spent in this place as a percentage of turns spent in the entire game.
 B = Non-inter-level travel turns spent in this place as a percentage of non-inter-level travel turns spent in the entire game.
 C = Inter-level travel turns spent in this place as a percentage of turns spent in this place.
 D = Turns resting spent in this place as a percentage of non-inter-level travel turns spent in this place.
 E = Turns spent auto-exploring this place as a percentage of non-inter-level travel turns spent in this place.
 F = Non-inter-level travel turns spent in this place divided by the number of levels of this place that you've seen.
                   A       B       C       D       E      F
               +-------+-------+-------+-------+-------+----------------------
         Total | 100.0 | 100.0 |   0.6 |   0.9 |  10.5 | 190.2
       Dungeon |  94.2 |  94.2 |   0.6 |   0.9 |  10.9 | 219.0
        Temple |   1.0 |   0.9 |   5.0 |   0.0 |  21.1 |  19.0
       Ossuary |   4.8 |   4.9 |   0.0 |   0.0 |   1.0 | 102.0
               +-------+-------+-------+-------+-------+----------------------

Table legend:
 A = Kills in this place as a percentage of kills in entire the game.
 B = Kills by you in this place as a percentage of kills by you in the entire game.
 C = Kills by friends in this place as a percentage of kills by friends in the entire game.
 D = Other kills in this place as a percentage of other kills in the entire game.
 E = Experience gained in this place as a percentage of experience gained in the entire game.
 F = Experience gained in this place divided by the number of levels of this place that you have seen.
                   A       B       C       D       E      F
               +-------+-------+-------+-------+-------+----------------------
         Total | 100.0 | 100.0 | 100.0 |  -nan | 100.0 | 681.4
       Dungeon |  92.2 |  91.5 | 100.0 |  -nan |  97.0 | 807.8
       Ossuary |   7.8 |   8.5 |   0.0 |  -nan |   3.0 | 225.0
               +-------+-------+-------+-------+-------+----------------------
